 Dungeon Crawl Stone Soup version 0.29-a0-384-g6960b1960d (webtiles) character file.

Game seed: 1082363432021864607

1430 ytrimaz the Grave Robber (level 8, -6/52 HPs)
             Began as a Demonspawn Necromancer on May 6, 2022.
             Mangled by a cyclops (29 damage)
             ... on level 7 of the Dungeon.
             The game lasted 00:07:47 (7440 turns).

ytrimaz the Grave Robber (Demonspawn Necromancer)   Turns: 7440, Time: 00:07:48

Health: -6/52      AC:  8    Str:  8    XL:     8   Next: 45%
Magic:  16/16      EV: 13    Int: 18    God:
Gold:   356        SH:  0    Dex: 18    Spells: 14/18 levels left

rFire   . . .      SeeInvis +   a - +2 short sword (venom)
rCold   . . .      Faith    .   (no shield)
rNeg    + + +      Spirit   .   f - +1 robe of Daffodils {rC+ Dex-3 SInv}
rPois   .          Reflect  .   (helmet restricted)
rElec   .          Harm     .   e - +0 cloak
rCorr   .          Rampage  .   (no gloves)
Will    .....                   v - +0 pair of boots
Stlth   ++........              h - amulet "Wuutott" {rC- rN+++ Regen+ Str-2 Dex+8}
HPRegen 0.97/turn               (no ring)
MPRegen 0.15/turn               (no ring)

@: no status effects
A: antennae 2, slimy green scales 2, powered by death 2
a: no special abilities


You were on level 7 of the Dungeon.
You visited 2 branches of the dungeon, and saw 8 of its levels.

You collected 356 gold pieces.

Inventory:

Hand Weapons
 a - a +2 short sword of venom (weapon)
 d - a +0 halberd
 n - a +3 short sword
 q - a +2 short sword of protection
Missiles
 u - a throwing net
Armour
 e - a +0 cloak (worn)
 f - the +1 robe of Daffodils (worn) {rC+ Dex-3 SInv}
   (You found it on level 2 of the Dungeon)

   Dex:       It affects your dexterity (-3).
   rC:        It protects you from cold.
   SInv:      It lets you see invisible.
 v - a +0 pair of boots (worn)
Jewellery
 h - the amulet "Wuutott" (around neck) {rC- rN+++ Regen+ Str-2 Dex+8}
   (You found it on level 3 of the Dungeon)

   [amulet of regeneration]

   Str:       It affects your strength (-2).
   Dex:       It affects your dexterity (+8).
   rC:        It makes you vulnerable to cold.
   rN:        It renders you almost immune to negative energy.
   Regen:     It increases your rate of health regeneration.
 r - a ring of fire
Scrolls
 c - 3 scrolls of teleportation
 k - a scroll of enchant weapon
 t - a scroll of identify
Potions
 b - 5 potions of heal wounds
 g - a potion of mutation
 i - 2 potions of invisibility {unknown}
 j - a potion of brilliance {unknown}
 l - a potion of berserk rage {unknown}
 m - 4 potions of curing {unknown}
 o - 2 potions of flight
 p - a potion of might {unknown}
 s - 2 potions of lignification {unknown}


   Skills:
 * Level 4.6 Short Blades
 - Level 2.0 Polearms
 + Level 3.2 Dodging
 - Level 1.7 Stealth
 + Level 5.5 Spellcasting
 + Level 7.7 Necromancy


You had 14 spell levels left.
You knew the following spells:

 Your Spells              Type           Power      Damage    Failure   Level
a - Pain                  Necr           100%       1d9       1%          1
b - Vampiric Draining     Necr           32%        2d8       1%          3

Your spell library contained the following spells:

 Spells                   Type           Power      Damage    Failure   Level
 Animate Skeleton         Necr           64%        N/A       1%          1
 Animate Dead             Necr           16%        N/A       5%          4
 Agony                    Necr           32%        N/A       14%         5
 Ensorcelled Hibernation  Hex/Ice        8%         N/A       19%         2
 Passwall                 Tmut/Erth      3%         N/A       19%         2
 Swiftness                Air            4%         N/A       36%         3


Dungeon Overview and Level Annotations

Branches:
Dungeon (7/15)             Temple (1/1) D:5

Altars:
Ashenzari
Cheibriados
Dithmenos
Elyvilon
Fedhas
Gozag
Hepliaklqana
Makhleb
Nemelex Xobeh
Okawaru
Qazlal
Ru
Sif Muna
Uskayaw
Vehumet
Wu Jian
Xom
Yredelemnul
Zin
The Shining One

Shops:
D:7 !

Annotations:
D:2 Sigmund


Innate Abilities, Weirdness & Mutations

You have a pair of antennae on your head.
You are mostly covered in slimy green scales. (AC +3)
You regenerate health from kills.


Message History

Items here: ))) [.
Key pressed, stopping explore.
No target in view!
Done exploring.
Done exploring.
Search for what [? for help]? boot You see here a +0 pair of boots.
v - a +0 pair of boots You start putting on your armour.
You continue putting on your +0 pair of boots. x4
You finish putting on your +0 pair of boots.
Unknown command.
Okay, then.
Done exploring.
Done exploring.
There is a stone staircase leading down here.
You climb downwards.
There is a stone staircase leading up here.
Found a stone staircase leading down.
Found a stone staircase leading down.
Found 4 boomerangs.
You see here 4 boomerangs.
Found a chain mail and 16 stones.
You see here a +0 chain mail.
i - 2 fizzy silvery potions (gained 1)
You sense a monster nearby.
A cyclops comes into view.
Found Ajiacsol's Distillery.
Found a stone staircase leading up.
A cyclops is nearby!
The orc shouts!
The cyclops shouts!
The cyclops hits you!!
Ouch! That really hurt!
You hit the cyclops.
The cyclops is poisoned.
The cyclops is lightly wounded.
You completely miss the cyclops.
The cyclops is lightly wounded.
The cyclops hits you!!
Ouch! That really hurt!
You die...

#.#.## #.<..# #.#
###..# #.# #..# #.#
#..# ## #.# #..#
#.# #.# #..##.# #<#
#..#.### ## #C#
#......##.# #@#
#.##.[(..# #.#
#.##.....#####.##
#.........##..?.#
####......##.##.≈{#
#.........# ≈≈.#
###....##..+o.s..
####.....###.≈≈#
######.. .≈.#


You could see a cyclops (very poisoned) and an orc.

Vanquished Creatures
  A water moccasin (D:6)
  A sky beast (D:6)
  An ogre (D:2)
  2 black bears (D:4)
  A centaur (D:5)
  A necrophage (D:4)
  4 scorpions (D:5)
  A gnoll shaman (D:6)
  An orc priest (D:4)
  5 iguanas
  2 orc wizards
  Robin (D:2)
  12 gnolls
  11 adders
  2 ufetubi
  3 worms
  3 dart slugs
  11 orcs
  3 endoplasms
  2 giant cockroaches (D:1)
  20 goblins
  14 hobgoblins
  8 jackals
  4 quokkas
  8 ball pythons
  2 bats
  4 frilled lizards
  6 kobolds
  4 rats
138 creatures vanquished.

Vanquished Creatures (collateral kills)
  A ball python (D:2)
1 creature vanquished.

Grand Total: 139 creatures vanquished

Notes
Turn   | Place    | Note
-------+----------+-------------------------------------------
     0 | D:1      | ytrimaz the Demonspawn Necromancer began the quest for the
                  | Orb.
     0 | D:1      | Reached XP level 1. HP: 13/13 MP: 3/3
   425 | D:1      | Gained mutation: You are partially covered in slimy green
                  | scales. (AC +2) [demonic ancestry]
   425 | D:1      | Reached XP level 2. HP: 16/19 MP: 0/5
   839 | D:1      | Reached skill level 5 in Necromancy
  1367 | D:1      | Gained mutation: You regenerate a little health from kills.
                  | [demonic ancestry]
  1367 | D:1      | Reached XP level 3. HP: 14/24 MP: 1/6
  2069 | D:2      | Found a shimmering altar of Xom.
  2258 | D:2      | Noticed Sigmund
  2295 | D:3      | Learned a level 3 spell: Vampiric Draining
  2487 | D:3      | Gained mutation: You regenerate health from kills. [demonic
                  | ancestry]
  2487 | D:3      | Reached XP level 4. HP: 24/30 MP: 0/8
  2612 | D:3      | Identified the amulet "Wuutott" {rC- rN+++ Regen+ Str-2
                  | Dex+8}
  2976 | D:3      | Found a faded altar of an unknown god.
  3132 | D:3      | Reached skill level 1 in Polearms
  3920 | D:2      | Noticed an ogre
  3932 | D:2      | Killed an ogre
  3933 | D:2      | Reached skill level 6 in Necromancy
  3933 | D:2      | Reached XP level 5. HP: 32/35 MP: 0/10
  4051 | D:2      | Noticed Robin
  4071 | D:2      | Killed Robin
  4433 | D:2      | Identified the +1 robe of Daffodils {rC+ Dex-3 SInv}
  4847 | D:4      | Noticed a black bear
  4857 | D:4      | Killed a black bear
  4858 | D:4      | Gained mutation: You have a pair of small antennae on your
                  | head. [demonic ancestry]
  4858 | D:4      | Reached XP level 6. HP: 41/41 MP: 7/11
  4917 | D:4      | Reached skill level 1 in Short Blades
  5099 | D:4      | Gained mutation: You are mostly covered in slimy green
                  | scales. (AC +3) [demonic ancestry]
  5099 | D:4      | Reached XP level 7. HP: 44/46 MP: 4/13
  5188 | D:4      | Found an opulent altar of Gozag.
  5505 | D:5      | Entered Level 5 of the Dungeon
  5749 | D:5      | Reached skill level 7 in Necromancy
  5915 | D:5      | Found a staircase to the Ecumenical Temple.
  5935 | Temple   | Entered the Ecumenical Temple
  5961 | D:5      | Gained mutation: You have a pair of antennae on your head.
                  | [demonic ancestry]
  5961 | D:5      | Reached XP level 8. HP: 52/52 MP: 12/15
  6476 | D:6      | Reached skill level 5 in Spellcasting
  7435 | D:7      | Found Ajiacsol's Distillery.
  7435 | D:7      | Noticed a cyclops
  7440 | D:7      | Mangled by a cyclops

Illustrated notes

Levels and vault maps discovered:
D:1:      evilmike_arrival_fibonacci_small, layout_loops_corners
D:2:      layout_loops_ring, basic_altar, grunt_ministairs_1,
          nicolae_figureground_pulse, uniq_robin, uniq_sigmund
D:3:      layout_basic, nicolae_tso_carved_into_rock, basic_ecumenical_altar,
          minmay_misc_feat_four_crosses
D:4:      layout_rooms, nicolae_gozag_cash_rules_everything_around_me
D:5:      layout_basic, minmay_temple_entry_stoned_glass, kennysheep_boxes
D:6:      layout_loops_ring
D:7:      layout_loops_ring, serial_shops, nicolae_shop_hallway_plus,
          nicolae_shop_waterfront, nicolae_shop_waterfront, shop, uniq_maggie,
          uniq_crazy_yiuf_cottage
Temple:   nicolae_temple_no_exploring_needed

Skill      XL: |  1  2  3  4  5  6  7  8 |
---------------+-------------------------+-----
Necromancy     | 5 6 7 |  7.7
Polearms       | 1 2 |  2.0
Spellcasting   | 3 4 5 |  5.5
Dodging        | 2 3 |  3.2
Short Blades   | 2 3 4 |  4.6
Stealth        | |  1.7

Action                   |  1- 3 |  4- 6 |  7- 9 || total
-------------------------+-------+-------+-------++-------
Melee: Unarmed           |     3 |       |       ||     3
       Halberd           |     4 |    66 |       ||    70
       Short sword       |       |    60 |    92 ||   152
       Punch             |       |       |     2 ||     2
 Cast: Pain              |    78 |    40 |    45 ||   163
       Vampiric Draining |       |    15 |    10 ||    25
  Use: Potion            |     3 |     3 |       ||     6
       Scroll            |       |     3 |     6 ||     9
 Stab: Sleeping          |       |     4 |       ||     4
Armor: Robe              |    10 |    62 |    40 ||   112
Dodge: Dodged            |    12 |   142 |   102 ||   256

Table legend: (Time is in decaauts)
 A = Elapsed time spent in this place.
 B = Non-inter-level travel time spent in this place.
 C = Inter-level travel time spent in this place.
 D = Time resting spent in this place.
 E = Time spent auto-exploring this place.
 F = Levels seen in this place.
 G = Mean time per level.
                   A        B        C        D        E       F      G
               +--------+--------+--------+--------+--------+-----+--------+
         Total |   7463 |   7214 |    249 |    655 |   5468 |   8 |  932.9 |
       Dungeon |   7461 |   7212 |    249 |    655 |   5468 |   7 | 1065.9 |
        Temple |      1 |      1 |      0 |      0 |      0 |   1 |    1.0 |
               +--------+--------+--------+--------+--------+-----+--------+

Top non-repeatable levels by time:
     D:1: 1986 daAuts
     D:3: 1593 daAuts
     D:2: 1267 daAuts
     D:6: 926 daAuts
     D:5: 834 daAuts
     D:4: 690 daAuts
     D:7: 164 daAuts
  Temple: 1 daAuts
